 Dungeon Crawl Stone Soup version 0.18.1-48-g4cf74bf (webtiles) character file.

49 meme the Stinger (level 3, -6/19 HPs)
             Began as a Deep Elf Venom Mage on July 9, 2016.
             Killed by nerve-wracking pain
             ... invoked by Grinder
              (8 damage)
             ... while paralysed by Grinder
             ... on level 3 of the Dungeon.
             The game lasted 00:16:41 (1350 turns).

meme the Stinger (Deep Elf Venom Mage)              Turns: 1350, Time: 00:16:42

Health: -6/19      AC:  5    Str:  5 (6)  XL:     3   Next: 51%
Magic:  5/10       EV:  2    Int: 19      God:
Gold:   119        SH:  0    Dex: 13      Spells: 3 memorised, 3 levels left

rFire  . . .     SeeInvis .     a - +0 dagger
rCold  . . .     Gourm    .     n - +1 leather armour
rNeg   . . .     Faith    .     (no shield)
rPois  .         Spirit   .     (helmet restricted)
rElec  .         Dismiss  .     m - +0 cloak
rCorr  .         Reflect  .     (no gloves)
SustAt .         Harm     .     (no boots)
MR     .....                    (no amulet)
Stlth  ++........               (no ring)
                                j - -2 ring of dexterity (curse)

@: paralysed, about to teleport, not resistant to hostile enchantments,
unstealthy
A: hooves 1, horns 1, deterioration 1
a: no special abilities


You were on level 3 of the Dungeon.
You were not hungry.

You visited 1 branch of the dungeon, and saw 3 of its levels.

You collected 119 gold pieces.

Inventory:

Hand Weapons
 a - a +0 dagger (weapon)
Missiles
 f - 15 poisoned needles
Armour
 h - a +0 robe
 m - a +0 cloak (worn)
 n - a +1 leather armour (worn)
Jewellery
 j - a cursed -2 ring of dexterity (left hand)
Scrolls
 e - a scroll of magic mapping {unknown}
 g - a scroll of noise {unknown}
 i - 3 scrolls of enchant armour
 p - a scroll of identify {unknown}
 r - 3 scrolls of enchant weapon {unknown}
Potions
 o - 2 potions of invisibility {unknown}
 q - a potion of cancellation {unknown}
Books
 b - a Young Poisoner's Handbook

   Spells                             Type                      Level
   a - Sting                          Conjuration/Poison           1
   b - Cure Poison                    Poison                       2
   c - Mephitic Cloud                 Conjuration/Poison/Air       3
   d - Olgreb's Toxic Radiance        Poison                       4
   e - Venom Bolt                     Conjuration/Poison           5
Comestibles
 c - a bread ration
 l - a chunk of flesh


   Skills:
 + Level 2.8 Dodging
 + Level 2.5 Stealth
 + Level 3.7 Spellcasting
 + Level 0.9 Conjurations
 + Level 5.1 Poison Magic


You had 3 spell levels left.
You knew the following spells:

 Your Spells              Type           Power        Failure   Level  Hunger
a - Sting                 Conj/Pois      ###.         10%         1    None
b - Cure Poison           Pois           ###.......   4%          2    ##.....
c - Mephitic Cloud        Conj/Pois/Air  ##......     38%         3    ###....


Dungeon Overview and Level Annotations

Branches:
Dungeon (3/15)

Altars:

Annotations:
D:3 Grinder


Innate Abilities, Weirdness & Mutations

You have large cloven feet.
You have a pair of small horns on your head.
Your body sometimes deteriorates upon taking damage.


Message History

Grinder gestures at you. Pain shoots through your body!
* * * LOW HITPOINT WARNING * * *
Your body deteriorates!
You feel weakened.
Read which item? (? for menu, Esc to quit)
As you read the scroll labeled DAH OLEELEU, it crumbles to dust.
It is a scroll of enchant armour.
Enchant which item? (? for menu, Esc to quit)
Your +0 leather armour glows green for a moment.
Grinder gestures at you. You resist with significant effort.
Read which item? (? for menu, Esc to quit)
As you read the scroll labeled OCIENE DEGAZUI, it crumbles to dust.
You feel strangely unstable.
It was a scroll of teleportation.
Grinder grins, showing sharp teeth.
Grinder gestures at you.
You suddenly lose the ability to move!
Grinder gestures at you. Pain shoots through your body!
You die...

###### #....# #######
#######....###......#
###..........@.'5.....+
#....####....###......#
#....# #....# ......#
#....# #....# ......#
#....# #....# .<....#
#....# ###### ......#
###.## ####### #.# #.#


You could see Grinder.

Vanquished Creatures
  An ooze (D:2)
  A worm (D:3)
  A dart slug (D:1)
  A giant gecko (D:2)
  3 bats
  A giant cockroach (D:2)
  6 goblins
  3 hobgoblins
  3 jackals (D:2)
  6 kobolds
  2 quokkas (D:2)
  A giant cockroach zombie (D:2)
  3 giant newts (D:2)
  4 rats
36 creatures vanquished.

Notes
Turn   | Place    | Note
--------------------------------------------------------------
     0 | D:1      | meme the Deep Elf Venom Mage began the quest for the Orb.
     0 | D:1      | Reached XP level 1. HP: 10/10 MP: 6/6
   121 | D:1      | Reached XP level 2. HP: 14/15 MP: 2/8
   439 | D:2      | Learned a level 2 spell: Cure Poison
   651 | D:2      | Reached skill level 5 in Poison Magic
   783 | D:2      | Reached XP level 3. HP: 19/19 MP: 5/9
   788 | D:2      | Learned a level 3 spell: Mephitic Cloud
  1329 | D:3      | Noticed Grinder
  1336 | D:3      | Gained mutation: You have large cloven feet. [potion of mutation]
  1336 | D:3      | Gained mutation: Your body sometimes deteriorates upon taking damage. [potion of mutation]
  1336 | D:3      | Gained mutation: You have a pair of small horns on your head. [potion of mutation]
  1349 | D:3      | Paralysed by Grinder for 3 turns
  1350 | D:3      | Killed from afar by Grinder

Skill      XL: |  1  2 |
---------------+-------+-----
Poison Magic   | 5 |  5.1
Dodging        | |  2.8
Stealth        | |  2.5
Spellcasting   | |  3.7
Conjurations   | |  0.9

Action                   || total
-------------------------++-------
Melee: Unarmed           ||     2
       Dagger            ||    24
 Cast: Sting             ||    81
       Mephitic Cloud    ||     1
  Use: Scroll            ||     2
       Potion            ||     2
 Stab: Distracted        ||     1
       Sleeping          ||     1
  Eat: Chunk             ||     2
Armor: Robe              ||     4
       Scale mail        ||     3
       Skin              ||     9
       Leather armour    ||     5
Dodge: Dodged            ||    36
